 Dungeon Crawl Stone Soup version 0.30-a0-908-g5a111fc481 (webtiles) character file.

Game seed: 8292880276641464627

9033 funkygono the Cleaver (level 11, -6/95 HPs)
             Began as a Minotaur Fighter on Mar 19, 2023.
             Was a High Priest of Okawaru.
             Mangled by a two-headed ogre
             ... wielding a +0 giant club
              (8 damage)
             ... on level 10 of the Dungeon.
             The game lasted 00:20:53 (9257 turns).

funkygono the Cleaver (Minotaur Fighter)            Turns: 9257, Time: 00:20:56

Health: -6/95      AC: 21    Str: 25    XL:     11   Next: 17%
Magic:  19/19      EV:  7    Int:  5    God:    Okawaru [*****.]
Gold:   559        SH: 16    Dex: 10    Spells: 10/10 levels left

rFire   . . .      SeeInvis .    a - +3 war axe
rCold   . . .      Faith    .    e - +1 kite shield {reflect}
rNeg    . . .      Spirit   .    G - +0 plate armour
rPois   +          Reflect  +    (helmet restricted)
rElec   .          Rampage  .    t - +2 cloak
rCorr   .                        m - +1 pair of gloves
Will    .....                    z - +0 pair of boots Stlth
                                 i - amulet of reflection
HPRegen 0.35/turn                j - ring of magical power
MPRegen 0.16/turn                h - ring of poison resistance

@: no status effects
A: horns 2, retaliatory headbutt
a: Renounce Religion, Heroism, Finesse, Duel


You were on level 10 of the Dungeon.
You worshipped Okawaru.
Okawaru was extremely pleased with you.
You visited 2 branches of the dungeon, and saw 11 of its levels.

You collected 559 gold pieces.

Inventory:

Hand Weapons
 a - a +3 war axe (weapon)
 p - a +0 war axe
 D - a +0 dagger
 K - a +3 battleaxe of freezing
Missiles
 f - 2 silver boomerangs (quivered)
 v - 14 boomerangs
 A - 118 stones
 B - 3 curare-tipped darts
 C - 13 poisoned darts
 E - a throwing net
Armour
 b - a scarf of invisibility
 e - a +1 kite shield of reflection (worn)
 m - a +1 pair of gloves (worn)
 t - a +2 cloak (worn)
 z - a +0 pair of boots (worn)
 G - a +0 plate armour (worn)
Jewellery
 h - a ring of poison resistance (right hand)
 i - an amulet of reflection (around neck)
 j - a ring of magical power (left hand)
 k - a ring of magical power
Wands
 g - a wand of roots (17)
 s - a wand of light (9)
 x - a wand of paralysis (14)
Scrolls
 y - 3 scrolls of teleportation
Potions
 d - 3 potions of might
 l - a potion of lignification {unknown}
 n - 8 potions of curing
 o - a potion of magic {unknown}
 q - 2 potions of resistance {unknown}
 r - 7 potions of flight
 u - a potion of invisibility {unknown}
 w - 4 potions of haste
 F - a potion of berserk rage {unknown}
 H - a potion of cancellation {unknown}
 I - 2 potions of ambrosia {unknown}
 J - 2 potions of attraction {unknown}


   Skills:
 + Level 8.9 Fighting
 + Level 14.0 Axes
 + Level 9.7 Armour
 + Level 3.5 Dodging
 + Level 1.0 Stealth
 + Level 9.3 Shields
 + Level 0.5 Invocations
 + Level 0.5 Evocations


You had 10 spell levels left.
You didn't know any spells.
Your spell library contained the following spells:

 Spells                   Type           Power      Damage    Failure   Level
 Freeze                   Ice            0%         1d3       100%        1
 Magic Dart               Conj           0%         1d3       100%        1
 Searing Ray              Conj           0%         2d4       100%        2
 Frozen Ramparts          Ice            0%         1d1       100%        3
 Hailstorm                Conj/Ice       0%         3d3       100%        3
 Ignite Poison            Fire/Tmut/Pois 0%         N/A       100%        3
 Portal Projectile        Hex/Tloc       0%         N/A       100%        3
 Fulminant Prism          Conj/Hex       0%         3d5       100%        4
 Ice Form                 Ice/Tmut       0%         N/A       100%        4
 Leda's Liquefaction      Hex/Erth       0%         N/A       100%        4
 Sticky Flame             Conj/Fire      0%         2d3       100%        4
 Blade Hands              Tmut           0%         N/A       100%        5
 Orb of Destruction       Conj           0%         9d5       100%        7
 Ignition                 Fire           0%         3d3       100%        8
 Call Canine Familiar     Summ           Unusable   N/A       N/A         3
 Summon Guardian Golem    Hex/Summ       Unusable   N/A       N/A         3
 Tukima's Dance           Hex            Unusable   N/A       N/A         3
 Simulacrum               Ice/Necr       Unusable   N/A       N/A         6
 Spellforged Servitor     Conj/Summ      Unusable   N/A       N/A         7

Dungeon Overview and Level Annotations

Branches:
Dungeon (10/15)            Temple (1/1) D:4             Orc (0/2) D:9
   Lair: D:8-11

Altars:
Ashenzari
Cheibriados
Dithmenos
Elyvilon
Fedhas
Gozag
Hepliaklqana
Kikubaaqudgha
Makhleb
Nemelex Xobeh
Okawaru
Qazlal
Ru
Sif Muna
Trog
Uskayaw
Wu Jian
Xom
Yredelemnul
Zin
The Shining One

Shops:
D:1 =:   D:6 :

Annotations:
D:6 3 runed translucent doors, Jaakounette's ghost, novice SpBr


Innate Abilities, Weirdness & Mutations

You have a pair of horns on your head.
You reflexively headbutt those who attack you in melee.


Message History

Your headbutt misses the two-headed ogre.
You block the two-headed ogre's attack.
The two-headed ogre hits you with a +0 giant club!
You barely miss the two-headed ogre. You slash the two-headed ogre!
Your headbutt misses the two-headed ogre.
The two-headed ogre is moderately wounded.
The two-headed ogre hits you with a +0 giant club! x2
A kobold comes into view. It is wielding a +0 whip.
The kobold brigand throws a poisoned dart.
You reflect the poisoned dart off your +1 kite shield of reflection!
The poisoned dart hits the kobold brigand!
The kobold brigand looks as sick as possible!
The kobold shouts!
You hit the two-headed ogre.
Your headbutt misses the two-headed ogre.
The two-headed ogre is moderately wounded.
You hear a shout!
You barely miss the two-headed ogre. You headbutt the two-headed ogre!
The two-headed ogre is heavily wounded.
The two-headed ogre hits you with a +0 giant club!
* * * LOW HITPOINT WARNING * * *
You block the two-headed ogre's attack.
You barely miss the two-headed ogre. You headbutt the two-headed ogre.
The two-headed ogre is severely wounded.
You block the two-headed ogre's attack.
The two-headed ogre hits you with a +0 giant club!
* * * LOW HITPOINT WARNING * * *
You slash the two-headed ogre!
The two-headed ogre is severely wounded.
A kobold comes into view. It is wielding a +0 short sword.
A kobold comes into view. It is wielding a +0 whip.
The kobold shouts! x2
You hit the two-headed ogre.
You headbutt the two-headed ogre, but do no damage.
The two-headed ogre is severely wounded.
The two-headed ogre hits you with a +0 giant club!!
* * * LOW HITPOINT WARNING * * *
The two-headed ogre hits you with a +0 giant club!
You die...

....#....# ...#....# .
.......###.K ...........
#..)......K #.....K....
#..O.....# ...# . #.)@K....##
..... ..## ####)..###..##
..... ....####.#.[###
#..###.... .....#.....##
#.......# .......)#####
##<....#### .........##.#
##.........###
............####.............
...>..##.....#............##
......##..##..............>#


You could see a two-headed ogre, a kobold brigand (very poisoned) and 3 kobolds.

Vanquished Creatures
  A two-headed ogre (D:8)
  An ugly thing (D:9)
  An oklob plant (D:6)
  Joseph (D:9)
  3 polar bears (D:8)
  A hornet (D:7)
  Grinder (D:3)
  Sigmund (D:2)
  6 yaks (D:8)
  4 wyverns
  Menkaure (D:6)
  2 wargs (D:9)
  2 water moccasins
  An acid dragon (D:10)
  An orc warrior (D:9)
  A sky beast (D:8)
  4 ice beasts
  A black bear (D:4)
  3 wolves (D:8)
  4 ogres
  A centaur (D:6)
  6 phantoms
  A kobold brigand (D:8)
  2 bullfrogs
  3 scorpions
  5 wights (D:8)
  7 killer bees
  A howler monkey (D:10)
  3 electric eels (D:8)
  3 jellies
  A wyvern simulacrum (D:8)
  3 hounds
  10 orc priests
  4 sleepcaps
  Ijyb (D:4)
  Terence (D:3)
  4 iguanas
  10 orc wizards
  4 gnolls (D:7)
  9 adders
  2 shadow imps
  3 white imps
  A worm (D:2)
  5 dart slugs
  41 orcs
  8 ball pythons
  7 endoplasms
  5 giant cockroaches
  6 goblins
  9 hobgoblins
  3 jackals (D:3)
  13 kobolds
  7 quokkas
  7 bats
  3 frilled lizards
  6 rats
  A bush (D:6)
246 creatures vanquished.

Vanquished Creatures (others)
  13 fungi (D:6)
  64 plants (D:6)
77 creatures vanquished.

Grand Total: 323 creatures vanquished

Notes
Turn   | Place    | Note
-------+----------+-------------------------------------------
     0 | D:1      | funkygono the Minotaur Fighter began the quest for the Orb.
     0 | D:1      | Reached XP level 1. HP: 19/19 MP: 0/0
    66 | D:1      | Reached XP level 2. HP: 23/27 MP: 1/1
    99 | D:1      | Found Zoeri's Jewellery Shop.
   379 | D:1      | Found Setzom's Book Boutique.
   813 | D:2      | Reached skill level 3 in Axes
   851 | D:2      | Reached XP level 3. HP: 33/33 MP: 2/2
  1307 | D:2      | Noticed Sigmund
  1321 | D:2      | Killed Sigmund
  1322 | D:2      | Reached skill level 5 in Axes
  1322 | D:2      | Reached skill level 1 in Dodging
  1322 | D:2      | Reached XP level 4. HP: 11/41 MP: 3/3
  1322 | D:2      | Reached XP level 5. HP: 13/47 MP: 4/4
  1615 | D:3      | Reached XP level 6. HP: 53/53 MP: 5/5
  1810 | D:3      | Reached skill level 6 in Axes
  1838 | D:3      | Noticed Grinder
  1839 | D:3      | Found a faded altar of an unknown god.
  1839 | D:3      | Noticed a great orb of eyes
  1844 | D:3      | Noticed an eye of devastation
  1844 | D:3      | Noticed a floating eye
  1844 | D:3      | Noticed an eye of devastation
  1850 | D:3      | Paralysed by Grinder for 3 turns
  1855 | D:3      | Killed Grinder
  1856 | D:3      | Reached skill level 5 in Fighting
  1856 | D:3      | Reached skill level 5 in Armour
  1856 | D:3      | Reached XP level 7. HP: 48/61 MP: 6/6
  1929 | D:3      | Noticed Terence
  1938 | D:3      | Killed Terence
  1941 | D:3      | Reached skill level 7 in Axes
  2486 | D:4      | Noticed Ijyb
  2489 | D:4      | Found a bloodstained altar of Trog.
  2495 | D:4      | Killed Ijyb
  2557 | D:4      | Found a staircase to the Ecumenical Temple.
  2563 | Temple   | Entered the Ecumenical Temple
  2592 | Temple   | Became a worshipper of Warmaster Okawaru
  2721 | D:4      | Found a broken altar of Ashenzari.
  2956 | D:4      | Reached skill level 8 in Axes
  3022 | D:4      | Found a glowing silver altar of Zin.
  3160 | D:4      | Found an ancient bone altar of Kikubaaqudgha.
  3921 | D:5      | Entered Level 5 of the Dungeon
  4001 | D:5      | Reached XP level 8. HP: 62/70 MP: 7/7
  4008 | D:5      | Reached * piety under Okawaru
  4314 | D:5      | Found a shimmering blue altar of Sif Muna.
  4390 | D:5      | Reached skill level 9 in Axes
  4879 | D:6      | Reached skill level 5 in Shields
  4903 | D:6      | Reached ** piety under Okawaru
  5180 | D:6      | Reached skill level 10 in Axes
  5188 | D:6      | Reached skill level 1 in Stealth
  5188 | D:6      | Reached XP level 9. HP: 78/78 MP: 8/8
  5471 | D:6      | Found a shadowy altar of Dithmenos.
  5655 | D:6      | Found a hide-covered altar of Uskayaw.
  5655 | D:6      | Noticed a +0 short sword
  5656 | D:6      | Noticed a +0 short sword
  5656 | D:6      | Noticed Menkaure
  5656 | D:6      | Noticed a +0 spear
  5663 | D:6      | Noticed a +0 spear
  5663 | D:6      | Noticed a +0 falchion
  5670 | D:6      | Killed Menkaure
  5694 | D:6      | Noticed a +0 dagger
  5695 | D:6      | Noticed a +0 falchion
  5696 | D:6      | Noticed a +0 dagger
  5768 | D:6      | Reached *** piety under Okawaru
  5769 | D:6      | Found a runed translucent gate.
  5770 | D:6      | Found a runed translucent gate.
  5770 | D:6      | Found a runed translucent gate.
  5884 | D:6      | Found a blossoming altar of Fedhas.
  5896 | D:6      | Noticed an oklob plant
  5919 | D:6      | Killed an oklob plant
  5920 | D:6      | Reached skill level 11 in Axes
  6248 | D:6      | Found Etej's Tremendous Tomes.
  6300 | D:6      | Noticed Jaakounette's ghost (novice SpBr)
  6589 | D:7      | Found a shimmering altar of Xom.
  6589 | D:7      | Found a shimmering altar of Xom.
  6590 | D:7      | Found a shimmering altar of Xom.
  6591 | D:7      | Found a shimmering altar of Xom.
  6592 | D:7      | Found a shimmering altar of Xom.
  6649 | D:7      | Found a shimmering altar of Xom.
  6707 | D:7      | Paralysed by a hornet for 3 turns
  6711 | D:7      | Reached skill level 12 in Axes
  6733 | D:7      | Reached **** piety under Okawaru
  7105 | D:8      | Noticed a polar bear
  7111 | D:8      | Killed a polar bear
  7112 | D:8      | Reached XP level 10. HP: 74/88 MP: 9/9
  7165 | D:8      | Found a hazy altar of Hepliaklqana.
  7303 | D:8      | Noticed a two-headed ogre
  7317 | D:8      | Killed a two-headed ogre
  7318 | D:8      | Reached skill level 13 in Axes
  7330 | D:8      | Reached ***** piety under Okawaru
  7629 | D:8      | Received a gift from Okawaru
  8591 | D:9      | Found a staircase to the Orcish Mines.
  8601 | D:9      | Reached XP level 11. HP: 78/95 MP: 10/10
  8852 | D:9      | Noticed a cyan ugly thing
  8865 | D:9      | Killed a cyan ugly thing
  9042 | D:9      | Noticed Joseph
  9057 | D:9      | Killed Joseph
  9058 | D:9      | Reached skill level 14 in Axes
  9175 | D:10     | Entered Level 10 of the Dungeon
  9244 | D:10     | Noticed a two-headed ogre
  9257 | D:10     | HP: 2/95 [two-headed ogre/+0 giant club (18)]
  9257 | D:10     | Mangled by a two-headed ogre

Illustrated notes

Levels and vault maps discovered:
D:1:      dpeg_arrival_tiny_a, layout_basic, serial_shops, shop,
          nicolae_shop_behind_doors, minmay_heptomino_d4
D:2:      layout_basic, uniq_sigmund
D:3:      layout_loops_cross, hellmonk_ecumenical_altar_watching_god,
          glass_columns_a, uniq_terence, uniq_grinder
D:4:      layout_loops_ring, kiku_gazebo_pond_becter, zin_statuary,
          trog_butcher_becter, nicolae_ashenzari_panopticon,
          minmay_temple_entry_proselytizer, uniq_ijyb
D:5:      layout_loops_ring, nicolae_sif_muna_little_library,
          nicolae_nh_ransacked_shop
D:6:      minmay_recursive_quarters, layout_loops_ring,
          nicolae_uskayaw_en_pointe, mainiacjoe_overflow_tiny_flanked,
          tgw_fedhas, gammafunk_ghost_necromancy, nicolae_shop_i_like_big_books,
          st_stairs_7, kennysheep_generic_room_11, uniq_menkaure
D:7:      layout_rooms, xom_shifter_show, kennysheep_nub
D:8:      layout_basic, amcnicky_altar_gilded, serial_ice, serial_ice_c,
          serial_ice_i, serial_ice_d, serial_ice_f,
          nicolae_straight_to_the_point
D:9:      layout_loops_cross, minmay_orc_entry_guard_dogs, uniq_joseph
D:10:     layout_cave_pools, mainiacjoe_overflow_24_doors, david_lair_shrubbed
Temple:   nicolae_temple_ecumenical_triangle

Skill      XL: |  1  2  3  4  5  6  7  8  9 10 11 |
---------------+----------------------------------+-----
Fighting       | 4 5 6 7 8 |  8.9
Shields        | 4 5 6 8 9 |  9.3
Axes           | 3 5 6 8 10 12 13 14 | 14.0
Armour         | 4 5 7 8 9 |  9.7
Dodging        | 1 2 3 |  3.5
Stealth        | 1 |  1.0
Invocations    | |  0.5
Evocations     | |  0.5

Action                     |  1- 3 |  4- 6 |  7- 9 | 10-12 || total
---------------------------+-------+-------+-------+-------++-------
  Melee: War axe           |    87 |    35 |   451 |   241 ||   814
         Headbutt          |    12 |     5 |   112 |    42 ||   171
 Invoke: Heroism           |       |       |       |     6 ||     6
  Evoke: Wand              |       |     4 |       |       ||     4
    Use: Scroll            |       |       |    16 |     1 ||    17
         Potion            |       |       |       |     3 ||     3
 Armour: Scale mail        |    32 |    15 |       |       ||    47
         Chain mail        |       |     3 |    68 |       ||    71
         Plate armour      |       |       |    63 |    80 ||   143
  Dodge: Dodged            |    56 |    20 |    94 |    55 ||   225
  Block: Buckler           |    26 |     6 |    95 |    60 ||   187
         Reflection        |       |       |     4 |     9 ||    13
         Kite shield       |       |       |       |    77 ||    77

Table legend: (Time is in decaauts)
 A = Elapsed time spent in this place.
 B = Non-inter-level travel time spent in this place.
 C = Inter-level travel time spent in this place.
 D = Time resting spent in this place.
 E = Time spent auto-exploring this place.
 F = Levels seen in this place.
 G = Mean time per level.
                   A        B        C        D        E       F      G
               +--------+--------+--------+--------+--------+-----+--------+
         Total |   9283 |   8617 |    666 |    455 |   6298 |  11 |  843.9 |
       Dungeon |   9236 |   8580 |    656 |    455 |   6273 |  10 |  923.6 |
        Temple |     46 |     36 |     10 |      0 |     25 |   1 |   46.0 |
               +--------+--------+--------+--------+--------+-----+--------+

Top non-repeatable levels by time:
     D:6: 1589 daAuts
     D:8: 1529 daAuts
     D:3: 1023 daAuts
     D:4: 1001 daAuts
     D:2: 986 daAuts
     D:1: 954 daAuts
     D:5: 832 daAuts
     D:9: 631 daAuts
     D:7: 610 daAuts
    D:10: 78 daAuts
  Temple: 46 daAuts
